Map: Thunderbird LE

Players

Ratl

  • Race: Zerg Zerg
  • Spawn Location: 11:00

VOD

Have the link to the VOD?

Description

Time

  • Played on: Nov. 5, 2019, 5:28 p.m.
  • Length: 7:38
Show
View Real Time Build Order
Export as new Build Order

Ratl Zerg 

Build Orders:  

Get SALT Encoding   

  12  0:10  Drone  
  12  0:19  Overlord  
  13  0:26  Drone  
  14  0:46  Drone  
  15  0:59  Drone  
  16  1:00  Drone  
  17  1:13  Extractor  
  17  1:16  Drone  
  17  1:29  Drone  
  18  1:37  Spawning Pool  
  17  1:53  Drone  
  18  2:17  Drone x2  
  18  2:18  Hatchery  
  19  2:31  Drone  
  20  2:47  Queen  
  22  2:53  Overlord  
  22  3:30  Drone x2, Roach Warren  
  22  3:32  Overlord  
  22  3:39  Queen  
  25  3:57  Zergling x2  
  26  4:58  Overlord x3  
  23  5:32  Drone x3  
  23  5:33  Drone  
  23  5:36  Overlord  
  23  5:39  Drone x3  
  30  6:01  Roach  
  32  6:18  Drone x3  
  35  6:35  Lair  
  35  6:40  Drone  
  35  6:41  Drone x2  
  35  6:45  Overlord x2  
  35  6:46  Extractor, Overlord  
Tags
 
Add a new tag
Caveats
  • Supply blocks, unpowered buildings, or Contaminate may cause inaccurate times.
  • Supply counts are checked every 10 seconds.